 Dungeon Crawl Stone Soup version 0.29.1-2-gbd0b4ee654 (console) character file.

Game seed: 18191222047306984826

102 Goreval the Cudgeller (level 5, 0/44 HPs)
             Began as a Meteoran Gladiator on Nov 23, 2022.
             Slain by a gnoll
             ... wielding a +0 halberd
              (11 damage)
             ... on level 3 of the Dungeon.
             The game lasted 00:11:49 (1066 turns).

Goreval the Cudgeller (Meteoran Gladiator)          Turns: 1066, Time: 00:11:50

Health: 0/44       AC: 10    Str: 17    XL:     5   Next: 28%
Magic:  6/6        EV:  8    Int:  9    God:
Gold:   59         SH:  0    Dex: 16    Spells: 4/4 levels left

rFire   . . .      SeeInvis .   a - +0 flail
rCold   . . .      Faith    .   (no shield)
rNeg    + . .      Spirit   .   m - +0 chain mail
rPois   .          Reflect  .   c - +0 helmet
rElec   .          Harm     .   (no cloak)
rCorr   .          Rampage  .   (no gloves)
Will    .....                   (no boots)
Stlth   ..........              (no amulet)
HPRegen 0.14/turn               j - ring of positive energy
MPRegen 0.10/turn               (no ring)

@: glowing
A: sense surroundings 1, otherworldly, glowing, explore regen
a: no special abilities


You were on level 3 of the Dungeon.
You visited 1 branch of the dungeon, and saw 3 of its levels.

You collected 59 gold pieces.

Inventory:

Hand Weapons
 a - a +0 flail (weapon)
Missiles
 d - 3 throwing nets
 e - a javelin
 i - 14 stones (quivered)
Armour
 b - a +0 leather armour
 c - a +0 helmet (worn)
 m - a +0 chain mail (worn)
Jewellery
 j - a ring of positive energy (left hand)
Wands
 p - a wand of iceblast (4)
Scrolls
 f - 2 scrolls of teleportation {unknown}
 l - 3 scrolls of poison {unknown}
 s - a scroll of identify {unknown}
Potions
 g - 2 potions of lignification {unknown}
 h - a potion of attraction {unknown}
 k - a potion of degeneration {unknown}
 n - a potion of berserk rage {unknown}
 o - 2 potions of haste {unknown}
 q - a potion of curing {unknown}
 r - a potion of brilliance {unknown}


   Skills:
 + Level 2.8 Fighting
 * Level 5.1 Maces & Flails
 + Level 3.0 Throwing
 * Level 2.8 Armour
 - Level 4.0 Dodging


You had 4 spell levels left.
You didn't know any spells.
Your spell library was empty.

Dungeon Overview and Level Annotations

Branches:
Dungeon (3/15) Zot: 706

Altars:


Innate Abilities, Weirdness & Mutations

You passively map a small area around you.
You are easily found by Zot.
You glow in the dark.
You regain HP and MP as you explore.


Message History

You closely miss the adder.
You feel sick. The adder barely misses you.
You completely miss the adder.
You feel sick. The adder bites you but does no damage. The adder bites you.
You are more poisoned.
The adder poisons you!
You barely miss the adder.
You feel very sick. The adder bites you. x2
Unknown command.
You sock the adder!
You feel sick. The adder barely misses you.
You sock the adder!
You kill the adder!
You feel sick.
Found a metallic white potion and a dented cameo amulet.
You feel sick.
You feel sick.
You feel sick.
You feel sick.
A gnoll comes into view. It is wielding a +0 flail.
You feel sick.
You are no longer poisoned.
The gnoll shouts!
A gnoll comes into view. It is wielding a +0 halberd.
You see here a metallic white potion.
Unknown command.
Found a stone staircase leading down.
A gnoll comes into view. It is wielding a +0 flail.
You closely miss the gnoll. The gnoll completely misses you.
The gnoll closely misses you.
You hit the gnoll. The gnoll barely misses you.
You hit the gnoll but do no damage. The gnoll hits you but does no damage.
The gnoll shouts!
You hit the gnoll. The gnoll hits you with a +0 flail! x2
* * * LOW HITPOINT WARNING * * *
The gnoll attacks as you move away! The gnoll hits you with a +0 flail.
* * * LOW HITPOINT WARNING * * *
The gnoll hits you with a +0 flail.
* * * LOW HITPOINT WARNING * * *
The gnoll attacks as you move away! The gnoll hits you but does no damage.
The gnoll attacks as you move away! The gnoll barely misses you.
The gnoll hits you from afar with a +0 halberd!
You die...

############## *
#####..........g.#
#.........######.#
#.###.###.# #.# #.# #.#
#.# #.########## * * #.#
#.# #g# #........... #)#
#.# #.# ####........ *
#.# #.# #.# #...##### *
#.# ..# #.# #...#
#.#*.## #.### #!..# *
#.# ,* #.#.######....#
##########.##.#
#.....g.....".# ,
#............#
##.#.##g###..#..., , *
#.########..##*
.....g.......###.. * #.#
##..# ####..##@###..#
*..# * #.# *
.#.#*.............# .# ,
#.#
****,..........##>##...#
# #.# *, ,
.............. .... , *
###.####.#*
.#.##.##.###.#* ###*
#.......... ,, .# * *
#.# , ###* * #.#########
, * #.# , #.. , #.# ,,
,, , ... ,, #.# , #.# ,*
, #.# * ,* * #.# * , *
#.# #.# * #<# #.# *
#....#, #.# * , ,
#.##...# , #.# * * #.#
#.# , , , ###.### , * ,
#.# ,# * #.....# #.# , *
* #.#.#.# , * #.# ,
#.#.#<# #.# , , , ,
#.#.#.# , , * * #.....#
, , *, , , ###.### * # *
, # #.# #####.####..##.


You could see 3 gnolls.

Vanquished Creatures
  A hound (D:2)
  2 adders
  A worm (D:2)
  2 dart slugs (D:2)
  6 bats
  5 endoplasms
  3 giant cockroaches (D:1)
  9 goblins
  A hobgoblin (D:1)
  5 kobolds
  3 quokkas
  4 ball pythons
  3 frilled lizards
  2 rats
47 creatures vanquished.

Vanquished Creatures (others)
  A plant (D:1)
1 creature vanquished.

Grand Total: 48 creatures vanquished

Notes
Turn   | Place    | Note
-------+----------+-------------------------------------------
     0 | D:1      | Goreval the Meteoran Gladiator began the quest for the Orb.
     0 | D:1      | Reached XP level 1. HP: 17/17 MP: 2/2
    52 | D:1      | Reached XP level 2. HP: 24/24 MP: 3/3
   155 | D:1      | Reached skill level 1 in Armour
   237 | D:1      | Reached XP level 3. HP: 24/30 MP: 4/4
   534 | D:2      | Reached XP level 4. HP: 37/37 MP: 5/5
   705 | D:2      | Reached XP level 5. HP: 32/42 MP: 6/6
   873 | D:2      | Reached skill level 5 in Maces & Flails
   912 | D:2      | Noticed a great orb of eyes
   914 | D:2      | Found a faded altar of an unknown god.
   915 | D:2      | Noticed a great orb of eyes
   915 | D:2      | Noticed a shining eye
   915 | D:2      | Noticed a floating eye
  1066 | D:3      | Slain by a gnoll

Illustrated notes

Levels and vault maps discovered:
D:1:      lightli_arrival_statuegarden, layout_basic, minmay_pentomino_s4
D:2:      layout_loops_ring, hellmonk_ecumenical_altar_watching_god,
          grunt_ministairs_13, st_stairs_6
D:3:      layout_loops_ring, reono_crystal_passage,
          minmay_randomly_rotated_circles, uniq_natasha, uniq_robin

Skill      XL: |  1  2  3  4  5 |
---------------+----------------+-----
Armour         | 1 2 |  2.8
Maces & Flails | 5 |  5.1
Dodging        | 4 |  4.0
Throwing       | 3 |  3.0
Fighting       | |  2.8

Action                   |  1- 3 |  4- 6 || total
-------------------------+-------+-------++-------
Melee: Flail             |    70 |    79 ||   149
Throw: Stone             |       |     1 ||     1
Armor: Leather armour    |    21 |       ||    21
       Chain mail        |    18 |    47 ||    65
Dodge: Dodged            |    43 |    19 ||    62
